[Event "SVK Amateur-ch 2020"]
[Site "Topolcany"]
[Date "2020.07.13"]
[Round "6.32"]
[White "Musial, Tomasz"]
[Black "Vargyas, Zoltan"]
[Result "1-0"]
[ECO "E12"]
[WhiteElo "1946"]
[BlackElo "2023"]
[Annotator "ChessBase"]
[PlyCount "53"]
[EventDate "2020.07.10"]
[EventType "swiss"]
[EventCountry "SVK"]
[SourceTitle "playchess.com"]
[Source "ChessBase"]
[SourceQuality "1"]
[TimeControl "3600+30"]

1. d4 Nf6 2. c4 e6 3. Nf3 b6 4. Bf4 Bb4+ 5. Nfd2 O-O 6. a3 Be7 7. e4 Nc6 8. d5 Nb8 9. Nc3 d6 10. Be2 c6 11. b4 Bb7 12. Nb3 cxd5 13. cxd5 exd5 14. exd5 Nbd7 15. O-O Rc8 16. Qd2 Ne5 17. Rac1 Qd7 18. Bb5 Qg4 19. f3 Qh5 20. Rfd1 Rfd8 21. Qe2 Rxc3 22. Rxc3 Nxd5 23. Bxe5 dxe5 24. Rcd3 Qg5 25. Qd2 e4 26. Qxg5 Bxg5 27. fxe4 1-0

[Event "SVK Amateur-ch 2020"]
[Site "Topolcany"]
[Date "2020.07.13"]
[Round "7.1"]
[White "Cedzo, Adam"]
[Black "Bakalar, Jan"]
[Result "1-0"]
[ECO "B28"]
[WhiteElo "1974"]
[BlackElo "1896"]
[Annotator "ChessBase"]
[PlyCount "28"]
[EventDate "2020.07.10"]
[EventType "swiss"]
[EventCountry "SVK"]
[SourceTitle "playchess.com"]
[Source "ChessBase"]
[SourceQuality "1"]
[TimeControl "3600+30"]

1. e4 c5 2. Nf3 a6 3. d4 cxd4 4. Nxd4 Nf6 5. Nc3 e5 6. Nf5 d5 7. Bg5 d4 8. Bxf6 gxf6 9. Ne2 Qb6 10. Rb1 Bxf5 11. exf5 Nc6 12. a3 O-O-O 13. Ng3 Bh6 14. Bd3 Qa5+ 1-0

[Event "SVK Amateur-ch 2020"]
[Site "Topolcany"]
[Date "2020.07.13"]
[Round "7.2"]
[White "Kubrican, Anton"]
[Black "Ihnat Marek ml."]
[Result "0-1"]
[ECO "D79"]
[WhiteElo "1861"]
[BlackElo "2065"]
[Annotator "RC"]
[PlyCount "124"]
[EventDate "2020.07.10"]
[EventType "swiss"]
[EventCountry "SVK"]
[SourceTitle "playchess.com"]
[Source "ChessBase"]
[SourceQuality "1"]
[TimeControl "3600+30"]

1. g3 Nf6 2. Bg2 g6 3. d4 d5 4. Nf3 Bg7 5. O-O O-O 6. Bf4 c5 7. c3 Nc6 8. Ne5 cxd4 9. cxd4 Qb6 10. Nxc6 bxc6 11. Bc1 Ba6 12. Re1 Nd7 13. e3 e6 14. Nc3 c5 15. Na4 Qc6 16. Nxc5 Nxc5 17. dxc5 Qxc5 18. Bd2 Qb6 19. Bc3 Bxc3 20. bxc3 Qa5 21. Qd4 Rfc8 22. Qb4 Qc5 23. e4 dxe4 24. Qxe4 Rab8 25. Qf4 Qxc3 26. Rac1 Qa5 27. h4 h5 28. Qd4 Qb6 29. Qxb6 axb6 30. Rxc8+ Bxc8 31. Re3 Ba6 32. Rc3 Rd8 33. Bf3 Rd3 34. Rxd3 Bxd3 35. Bc6 Bc4 36. a3 Kg7 37. f4 Kf6 38. Kf2 Bd5 39. Bb5 e5 40. fxe5+ Kxe5 41. Ke3 Kf5 42. Be2 Ke5 43. Bd1 Be6 44. Bf3 Bg4 45. Bc6 f6 46. Bg2 Bf5 47. Bf3 Bg4 48. Bg2 g5 49. hxg5 fxg5 50. Bh1 Be6 51. Bf3 h4 52. gxh4 gxh4 53. Kf2 Bd7 54. Ke3 Be6 55. Kf2 Kd4 56. Bc6 Kc3 57. Kg2 Kc4 58. Kh2 Kc5 59. Be8 Kd6 60. Bb5 Bd7 61. Be2 Kc5 62. Bd3 Kd4 0-1

[Event "SVK Amateur-ch 2020"]
[Site "Topolcany"]
[Date "2020.07.13"]
[Round "7.3"]
[White "Juan Lepp, Jaime Boris"]
[Black "Podoba, Milan"]
[Result "0-1"]
[ECO "C11"]
[WhiteElo "1853"]
[BlackElo "2027"]
[Annotator "RC"]
[PlyCount "78"]
[EventDate "2020.07.10"]
[EventType "swiss"]
[EventCountry "SVK"]
[SourceTitle "playchess.com"]
[Source "ChessBase"]
[SourceQuality "1"]
[TimeControl "3600+30"]

1. e4 e6 2. Nf3 d5 3. Nc3 Nf6 4. e5 Nfd7 5. d4 c5 6. Bg5 Qb6 7. dxc5 Bxc5 8. Qd2 Nc6 9. Na4 Qb4 10. Nxc5 Qxd2+ 11. Nxd2 Nxc5 12. Bb5 Bd7 13. Bxc6 Bxc6 14. O-O Rc8 15. f3 Bb5 16. Rfe1 Rc7 17. Rac1 Kd7 18. Nb3 Na4 19. Nd4 Ba6 20. b3 Nc3 21. a4 Na2 22. Rcd1 Nc3 23. Rc1 Rhc8 24. Kf2 Ke8 25. b4 Rc4 26. b5 Rxd4 27. bxa6 bxa6 28. Kg1 Rxa4 29. Ra1 Rcc4 30. Bd2 Nb5 31. Rxa4 Rxa4 32. Rc1 Rc4 33. Kf2 Nd4 34. c3 Nb3 35. Rd1 Nxd2 36. Rxd2 Rxc3 37. Ra2 Rc6 38. Ke3 Kd7 39. g3 Kc7 0-1

[Event "SVK Amateur-ch 2020"]
[Site "Topolcany"]
[Date "2020.07.13"]
[Round "7.4"]
[White "Vargyas, Zoltan"]
[Black "Gyurika, Tamas"]
[Result "1/2-1/2"]
[ECO "A38"]
[WhiteElo "2023"]
[BlackElo "1851"]
[Annotator "RC"]
[PlyCount "46"]
[EventDate "2020.07.10"]
[EventType "swiss"]
[EventCountry "SVK"]
[SourceTitle "playchess.com"]
[Source "ChessBase"]
[SourceQuality "1"]
[TimeControl "3600+30"]

1. c4 c5 2. Nf3 Nc6 3. Nc3 Nf6 4. g3 g6 5. Bg2 Bg7 6. d4 d6 7. dxc5 dxc5 8. Be3 Qb6 9. O-O O-O 10. Na4 Qb4 11. b3 Ne4 12. Ne1 Nc3 13. Nxc3 Bxc3 14. Nd3 Qa5 15. Rc1 Nd4 16. Nxc5 Rd8 17. Bd5 Rxd5 18. cxd5 Qxc5 19. Rxc3 Nxe2+ 20. Qxe2 Qxc3 21. Rc1 Qe5 22. Qf3 Bf5 23. Bf4 Be4 1/2-1/2

[Event "SVK Amateur-ch 2020"]
[Site "Topolcany"]
[Date "2020.07.13"]
[Round "7.5"]
[White "Juan Mas, Santiago"]
[Black "Kovarikova, Maria"]
[Result "1-0"]
[ECO "A08"]
[WhiteElo "1983"]
[BlackElo "1844"]
[Annotator "ChessBase"]
[PlyCount "35"]
[EventDate "2020.07.10"]
[EventType "swiss"]
[EventCountry "SVK"]
[SourceTitle "playchess.com"]
[Source "ChessBase"]
[SourceQuality "1"]
[TimeControl "3600+30"]

1. e4 c5 2. Nf3 e6 3. d3 Nc6 4. g3 d5 5. Nbd2 Bd6 6. Bg2 Nge7 7. O-O Bd7 8. Re1 Qc7 9. exd5 exd5 10. c4 O-O-O 11. cxd5 Nb4 12. Nc4 Nbxd5 13. Ng5 Rdf8 14. Ne4 Kb8 15. Nexd6 f5 16. Rxe7 Nxe7 17. Bf4 Ng6 18. Nb5 1-0

[Event "SVK Amateur-ch 2020"]
[Site "Topolcany"]
[Date "2020.07.13"]
[Round "7.6"]
[White "Szocs, Ladislav"]
[Black "Chlpek, Daniel"]
[Result "1/2-1/2"]
[ECO "D11"]
[WhiteElo "1791"]
[BlackElo "1982"]
[Annotator "ChessBase"]
[PlyCount "20"]
[EventDate "2020.07.10"]
[EventType "swiss"]
[EventCountry "SVK"]
[SourceTitle "playchess.com"]
[Source "ChessBase"]
[SourceQuality "1"]
[TimeControl "3600+30"]

1. Nf3 d5 2. g3 Bg4 3. Ne5 Bf5 4. Bg2 c6 5. O-O Nf6 6. d4 e6 7. c4 Be7 8. Nc3 Nbd7 9. Qb3 Qb6 10. c5 Qxb3 1/2-1/2

[Event "SVK Amateur-ch 2020"]
[Site "Topolcany"]
[Date "2020.07.13"]
[Round "7.7"]
[White "Meszarosova, Eva"]
[Black "Pasztor, Ladislav"]
[Result "1-0"]
[ECO "B80"]
[WhiteElo "1976"]
[BlackElo "1799"]
[Annotator "ChessBase"]
[PlyCount "83"]
[EventDate "2020.07.10"]
[EventType "swiss"]
[EventCountry "SVK"]
[SourceTitle "playchess.com"]
[Source "ChessBase"]
[SourceQuality "1"]
[TimeControl "3600+30"]

1. e4 c5 2. Nf3 d6 3. d4 cxd4 4. Nxd4 Nf6 5. Nc3 a6 6. Be3 e6 7. f3 Be7 8. Qd2 Bd7 9. O-O-O Qc7 10. g4 h6 11. Bd3 Nc6 12. h4 O-O-O 13. Qf2 Rdg8 14. Kb1 Ne5 15. Qe2 Kb8 16. g5 hxg5 17. hxg5 Ne8 18. f4 Nxd3 19. Qxd3 g6 20. Nb3 Bc6 21. Qd4 Rxh1 22. Rxh1 b5 23. Rh7 Bf8 24. e5 dxe5 25. fxe5 Bg7 26. Nc5 Bb7 27. Nd7+ Kc8 28. Nf6 Bxf6 29. gxf6 Qd7 30. Qxd7+ Kxd7 31. Rxf7+ Kc6 32. Re7 Nc7 33. Rg7 Rh8 34. Rxg6 Nd5 35. Bh6 Nxc3+ 36. bxc3 Kd7 37. Rg7+ Ke8 38. Re7+ Kd8 39. Bg7 Rh1+ 40. Kb2 Bc8 41. f7 Rf1 42. Bf6 1-0

[Event "SVK Amateur-ch 2020"]
[Site "Topolcany"]
[Date "2020.07.13"]
[Round "7.8"]
[White "Kukan, Michal"]
[Black "Redzisz, Michal"]
[Result "0-1"]
[ECO "A08"]
[WhiteElo "1769"]
[BlackElo "1972"]
[Annotator "ChessBase"]
[PlyCount "100"]
[EventDate "2020.07.10"]
[EventType "swiss"]
[EventCountry "SVK"]
[SourceTitle "playchess.com"]
[Source "ChessBase"]
[SourceQuality "1"]
[TimeControl "3600+30"]

1. Nf3 d5 2. g3 c5 3. Bg2 Nc6 4. O-O e5 5. d3 Nf6 6. Re1 Be7 7. Nc3 d4 8. Nb5 a6 9. Na3 Be6 10. e3 O-O 11. Ng5 dxe3 12. fxe3 Bg4 13. Qd2 h6 14. Nh3 Qd7 15. Nf2 Be6 16. b3 Rad8 17. Bb2 b5 18. Qe2 Bd6 19. Rad1 Nb4 20. d4 cxd4 21. exd4 exd4 22. Bxd4 Nbd5 23. c4 Bxa3 24. Bxf6 gxf6 25. cxd5 Bf5 26. Qf3 Bc5 27. Kh1 Rfe8 28. Ne4 Bxe4 29. Rxe4 Rxe4 30. Qxe4 Re8 31. Qh4 Qf5 32. Qxh6 Qf2 33. Qf4 Qxf4 34. gxf4 Bd6 35. Kg1 Re2 36. a4 bxa4 37. bxa4 Ra2 38. Rc1 Bxf4 39. Rc8+ Kg7 40. Rc4 Be3+ 41. Kf1 Rf2+ 42. Ke1 Rxg2 43. d6 Rd2 44. Re4 Bh6 45. Rb4 Rxd6 46. Ke2 Rd2+ 47. Kf3 Rxh2 48. Rb6 a5 49. Rb5 Bd2 50. Rb2 Rh3+ 0-1

[Event "SVK Amateur-ch 2020"]
[Site "Topolcany"]
[Date "2020.07.13"]
[Round "7.9"]
[White "Lach, Piotr"]
[Black "Bochnicka, Vladimir"]
[Result "0-1"]
[ECO "B30"]
[WhiteElo "2086"]
[BlackElo "2123"]
[Annotator "RC"]
[PlyCount "92"]
[EventDate "2020.07.10"]
[EventType "swiss"]
[EventCountry "SVK"]
[SourceTitle "playchess.com"]
[Source "ChessBase"]
[SourceQuality "1"]
[TimeControl "3600+30"]

1. e4 c5 2. Nf3 Nc6 3. Bb5 Nf6 4. Nc3 g6 5. e5 Ng4 6. Bxc6 dxc6 7. h3 Nh6 8. g4 Bg7 9. d3 O-O 10. Be3 f6 11. exf6 exf6 12. Bxc5 Re8+ 13. Kf1 f5 14. g5 Nf7 15. Be3 b6 16. Bf4 Bb7 17. h4 c5 18. Rh3 Qd7 19. a4 Qc6 20. Qd2 c4 21. d4 Rad8 22. d5 Bxc3 23. Qxc3 Qxd5 24. h5 gxh5 25. Re1 Re6 26. Rxe6 Qxe6 27. Qe3 Qxe3 28. Bxe3 Be4 29. a5 bxa5 30. Bxa7 Bxc2 31. Bb6 Rd5 32. Nd4 Bd3+ 33. Ke1 Nxg5 34. Rxh5 f4 35. Rh6 Rxd4 36. Bxd4 Nf3+ 37. Kd1 Nxd4 38. Rf6 Nf5 39. Ra6 h5 40. Rxa5 h4 41. Ra8+ Kg7 42. f3 h3 43. Ra7+ Kg6 44. Kd2 h2 45. Ra1 Ng3 46. b4 Nf1+ 0-1

[Event "SVK Amateur-ch 2020"]
[Site "Topolcany"]
[Date "2020.07.13"]
[Round "7.9"]
[White "Trangos, Miroslav"]
[Black "Mesaros, Jan"]
[Result "1-0"]
[ECO "E76"]
[WhiteElo "1971"]
[BlackElo "1782"]
[Annotator "ChessBase"]
[PlyCount "99"]
[EventDate "2020.07.10"]
[EventType "swiss"]
[EventCountry "SVK"]
[SourceTitle "playchess.com"]
[Source "ChessBase"]
[SourceQuality "1"]
[TimeControl "3600+30"]

1. d4 Nf6 2. c4 g6 3. Nc3 Bg7 4. e4 d6 5. f4 O-O 6. Nf3 c5 7. e5 dxe5 8. dxe5 Qxd1+ 9. Nxd1 Ne8 10. Be3 Na6 11. Nc3 Nec7 12. O-O-O Be6 13. Be2 Rad8 14. Ng5 b6 15. b3 Nb4 16. Rxd8 Rxd8 17. Rd1 Rxd1+ 18. Kxd1 Bf5 19. g4 Be6 20. Bf3 Kf8 21. Nxh7+ Ke8 22. Ng5 Bd7 23. a3 Nba6 24. Kd2 Nb8 25. h3 Nc6 26. Be4 e6 27. Bc2 Ke7 28. h4 Be8 29. Nce4 Nd8 30. Nh7 Bc6 31. Nef6 Ne8 32. Ng8+ Kd7 33. Ke2 Nb7 34. Bd2 b5 35. Ke3 bxc4 36. bxc4 a5 37. Be4 a4 38. h5 gxh5 39. gxh5 Nd8 40. h6 Bh8 41. Bc3 Bxe4 42. Kxe4 Nc6 43. Nf8+ Kd8 44. f5 exf5+ 45. Kxf5 Ne7+ 46. Nxe7 Kxe7 47. Nh7 Nc7 48. Ng5 Na6 49. Ba5 f6 50. Bd8+ 1-0

[Event "SVK Amateur-ch 2020"]
[Site "Topolcany"]
[Date "2020.07.13"]
[Round "7.10"]
[White "Tatliak, Stefan"]
[Black "Slaba, Andrea"]
[Result "0-1"]
[ECO "C04"]
[WhiteElo "1704"]
[BlackElo "1970"]
[Annotator "ChessBase"]
[PlyCount "80"]
[EventDate "2020.07.10"]
[EventType "swiss"]
[EventCountry "SVK"]
[SourceTitle "playchess.com"]
[Source "ChessBase"]
[SourceQuality "1"]
[TimeControl "3600+30"]

1. e4 e6 2. d4 d5 3. c3 Nc6 4. Nd2 e5 5. Ngf3 Bg4 6. exd5 Qxd5 7. Bc4 Qd7 8. Qe2 O-O-O 9. Bb5 exd4 10. Bxc6 Qxc6 11. O-O dxc3 12. bxc3 Nf6 13. h3 Bxf3 14. Nxf3 Bd6 15. Rb1 Rhe8 16. Qb2 Be5 17. Nxe5 Rxe5 18. Be3 a6 19. Bd4 Rg5 20. f3 Rb5 21. Qf2 Rxb1 22. Rxb1 Kb8 23. Qg3 g6 24. Rb6 Nh5 25. Qe5 Qd5 26. Qxd5 Rxd5 27. Rb2 Nf4 28. Kh2 Ne6 29. Bf2 Rd3 30. Rc2 b6 31. Bg3 Kb7 32. Be5 Rd5 33. Re2 b5 34. h4 c5 35. g3 Kc6 36. f4 a5 37. a4 b4 38. cxb4 cxb4 39. Bf6 b3 40. Re3 Nc5 0-1

[Event "SVK Amateur-ch 2020"]
[Site "Topolcany"]
[Date "2020.07.13"]
[Round "7.11"]
[White "Matis, Tibor"]
[Black "Kostic, Ivan"]
[Result "1-0"]
[ECO "C41"]
[WhiteElo "1942"]
[BlackElo "1694"]
[Annotator "ChessBase"]
[PlyCount "67"]
[EventDate "2020.07.10"]
[EventType "swiss"]
[EventCountry "SVK"]
[SourceTitle "playchess.com"]
[Source "ChessBase"]
[SourceQuality "1"]
[TimeControl "3600+30"]

1. e4 e5 2. Nf3 d6 3. Bc4 h6 4. d4 exd4 5. Nxd4 Nf6 6. Nc3 g6 7. O-O Bg7 8. f4 O-O 9. h3 Kh7 10. Qd3 Nbd7 11. Nb3 a6 12. a4 Nb6 13. Be3 Nxc4 14. Qxc4 Be6 15. Qd3 c5 16. Nd2 Qc7 17. Nc4 Rad8 18. Rad1 d5 19. exd5 Bxd5 20. Qe2 Bxc4 21. Qxc4 Rxd1 22. Rxd1 Rc8 23. b3 Bf8 24. Nd5 Nxd5 25. Rxd5 a5 26. f5 Qe7 27. Bf2 b6 28. Qd3 Rc7 29. Bg3 Rc6 30. fxg6+ Kg8 31. Rd7 Qe6 32. gxf7+ Kg7 33. Rd8 Rc8 34. Be5+ 1-0

[Event "SVK Amateur-ch 2020"]
[Site "Topolcany"]
[Date "2020.07.13"]
[Round "7.13"]
[White "Trasakova, Adela"]
[Black "Holly, Andrej"]
[Result "0-1"]
[ECO "A96"]
[WhiteElo "1660"]
[BlackElo "2009"]
[Annotator "ChessBase"]
[PlyCount "116"]
[EventDate "2020.07.10"]
[EventType "swiss"]
[EventCountry "SVK"]
[SourceTitle "playchess.com"]
[Source "ChessBase"]
[SourceQuality "1"]
[TimeControl "3600+30"]

1. d4 f5 2. Nf3 e6 3. c4 Nf6 4. g3 Be7 5. Bg2 O-O 6. O-O d6 7. Nc3 a5 8. Qc2 Nc6 9. e4 Nb4 10. Qe2 Nxe4 11. Nxe4 fxe4 12. Qxe4 e5 13. Ne1 exd4 14. Qxd4 Bf6 15. Qd2 Be6 16. a3 Nc6 17. Bd5 Qd7 18. Ng2 Nd4 19. Qd3 Bxd5 20. cxd5 Rae8 21. Bd2 Qg4 22. f3 Ne2+ 23. Qxe2 Rxe2 24. fxg4 Rxd2 25. Nf4 c6 26. Rad1 Rxb2 27. dxc6 bxc6 28. Rxd6 c5 29. Ne6 Rc8 30. g5 Be5 31. Rd7 c4 32. Rdf7 Rbb8 33. R7f5 Bd6 34. Rf7 Be5 35. R7f5 Bb2 36. Rf7 Re8 37. Nc7 Rf8 38. Rxf8+ Rxf8 39. Rxf8+ Kxf8 40. Nb5 c3 41. Nd4 Bxa3 42. Kf1 Bb2 43. Ke2 a4 44. Nc2 a3 45. Nb4 c2 46. Nxc2 a2 47. Kf3 a1=Q 48. Nxa1 Bxa1 49. Kg4 g6 50. h4 Ke7 51. h5 Ke6 52. Kh3 Kf5 53. Kh4 Bb2 54. g4+ Kf4 55. Kh3 Kxg5 56. Kg3 Be5+ 57. Kh3 Bd6 58. h6 Bc7 0-1

[Event "SVK Amateur-ch 2020"]
[Site "Topolcany"]
[Date "2020.07.13"]
[Round "7.15"]
[White "Alexandrova, Angelina"]
[Black "Skrinar, Marek"]
[Result "1-0"]
[ECO "D78"]
[WhiteElo "1839"]
[BlackElo "1654"]
[Annotator "NA"]
[PlyCount "97"]
[EventDate "2020.07.10"]
[EventType "swiss"]
[EventCountry "SVK"]
[SourceTitle "playchess.com"]
[Source "ChessBase"]
[SourceQuality "1"]
[TimeControl "3600+30"]

1. Nf3 Nf6 2. g3 d5 3. d4 g6 4. Bg2 Bg7 5. c4 c6 6. O-O O-O 7. Nbd2 Bf5 {[%emt 0:01:18] 7...a5 gains popularity.} 8. b3 Nbd7 9. Nh4 {[%emt 0:01:42] D78: Fianchetto Grünfeld: 6 0-0 c6.} Be6 {[%emt 0:00:21] [#]} 10. c5 $146 ({Predecessor:} 10. e3 c5 11. Nhf3 h6 12. Bb2 Ne4 13. Qe2 Nxd2 14. Nxd2 dxc4 15. Nxc4 cxd4 16. Bxd4 Bxd4 17. exd4 Bxc4 18. bxc4 {1-0 (56) Ganguly,S (2622)-Harsha,B (2492) Douglas 2018}) 10... Re8 ({Black should try} 10... Ne8 $17 11. Bb2 Nxc5 {[%mdl 64] Pin}) 11. f4 Nf8 12. f5 Bd7 13. e3 e6 14. fxg6 Nxg6 15. Nxg6 fxg6 16. Nf3 Rf8 17. Ne5 Qc7 18. Bb2 Be8 19. Qc2 Bf7 20. Bh3 Rae8 21. b4 Nd7 22. Nxf7 Rxf7 23. Rxf7 Kxf7 24. Rf1+ Kg8 25. Qf2 (25. e4 $16) 25... Nf6 26. a4 Ne4 27. Qc2 Nxg3 28. hxg3 Qxg3+ 29. Bg2 Qxe3+ 30. Qf2 Qxf2+ 31. Rxf2 e5 32. Re2 e4 33. b5 Bh6 34. Bh3 Re7 35. Bc3 Bf4 36. Ba5 ({White should play} 36. Rb2 $16) 36... Bc7 $2 (36... g5 $16) 37. Bxc7 Rxc7 38. b6 axb6 39. cxb6 Re7 $18 40. Bc8 Re8 41. Bxb7 Rb8 42. Bxc6 Rxb6 43. Bxd5+ Kg7 44. Rxe4 Rb1+ 45. Kf2 Kf6 46. Re6+ Kg5 47. Bc6 Rb2+ 48. Re2 Rb4 49. d5 1-0

[Event "SVK Amateur-ch 2020"]
[Site "Topolcany"]
[Date "2020.07.13"]
[Round "7.16"]
[White "Verbytskiy, Patrik"]
[Black "Galdik, Stefan"]
[Result "1-0"]
[ECO "B30"]
[WhiteElo "1824"]
[BlackElo "1583"]
[Annotator "NA"]
[PlyCount "65"]
[EventDate "2020.07.10"]
[EventType "swiss"]
[EventCountry "SVK"]
[SourceTitle "playchess.com"]
[Source "ChessBase"]
[SourceQuality "1"]
[TimeControl "3600+30"]

1. e4 c5 2. Nf3 Nc6 3. Bb5 Qc7 4. Nc3 e6 5. d4 cxd4 6. Nxd4 {[%emt 0:00:05] B30: Sicilian: 2...Nc6 3 Bb5, lines without ...g6.} a6 7. Bxc6 bxc6 8. O-O Nf6 {[%emt 0:01:32] [#]} 9. Be3 $146 ({Predecessor:} 9. Re1 d5 10. exd5 cxd5 11. Nf3 Be7 12. g3 O-O 13. Bf4 Qb6 14. Rb1 Bb7 15. Ne5 {0-1 (37) Gomes,J (1889)-Dias,I (2158) Lisbon 2018}) 9... c5 10. Nde2 Bb7 11. f3 Be7 12. Kh1 O-O 13. Qd2 d6 14. Rad1 Rad8 15. Qe1 (15. b3 $15) 15... d5 16. exd5 exd5 17. Bf4 $11 Bd6 (17... Qc6 18. Ng3) 18. Bg5 Be7 19. Ng3 Rfe8 20. Nf5 {[%emt 0:03:44] [#]} Bd6 $18 (20... h6 $1 $17 21. Bh4 Bf8) 21. Qh4 Be7 22. Nxg7 Kxg7 23. Qh6+ Kg8 24. Bxf6 Bxf6 25. Qxf6 Qd6 26. Ne4 Qc7 27. Qg5+ Kh8 28. Nf6 Qe5 29. Qh6 Qf5 30. Nxe8 Rxe8 31. Rfe1 Rg8 32. Qd6 Qxc2 33. Qf6+ 1-0

[Event "SVK Amateur-ch 2020"]
[Site "Topolcany"]
[Date "2020.07.13"]
[Round "7.17"]
[White "Tropp, Frantisek"]
[Black "Strachan, Jan"]
[Result "1/2-1/2"]
[ECO "B00"]
[WhiteElo "2040"]
[BlackElo "2130"]
[Annotator "RC"]
[PlyCount "23"]
[EventDate "2020.07.10"]
[EventType "swiss"]
[EventCountry "SVK"]
[SourceTitle "playchess.com"]
[Source "ChessBase"]
[SourceQuality "1"]
[TimeControl "3600+30"]

1. e4 d6 2. d4 Nf6 3. Bd3 g6 4. Nf3 Bg7 5. h3 O-O 6. O-O Nc6 7. c3 e5 8. dxe5 Nxe5 9. Nxe5 dxe5 10. Qe2 Be6 11. Na3 c6 12. Bg5 1/2-1/2

[Event "SVK Amateur-ch 2020"]
[Site "Topolcany"]
[Date "2020.07.13"]
[Round "7.17"]
[White "Kapec, Kristian"]
[Black "Janik, Marek Tobias"]
[Result "1/2-1/2"]
[ECO "B21"]
[WhiteElo "1803"]
[BlackElo "1549"]
[Annotator "NA"]
[PlyCount "27"]
[EventDate "2020.07.10"]
[EventType "swiss"]
[EventCountry "SVK"]
[SourceTitle "playchess.com"]
[Source "ChessBase"]
[SourceQuality "1"]
[TimeControl "3600+30"]

1. e4 c5 2. d4 cxd4 3. c3 dxc3 4. Nxc3 Nc6 5. Nf3 e5 6. Bc4 h6 7. Qe2 Nf6 8. O-O Be7 9. Rd1 O-O 10. Be3 d6 11. a4 Bg4 12. h3 Bh5 13. Rd2 Nd4 14. Bxd4 1/2-1/2

[Event "SVK Amateur-ch 2020"]
[Site "Topolcany"]
[Date "2020.07.13"]
[Round "7.18"]
[White "Skreno, Vladimir"]
[Black "Kucera, Michal"]
[Result "0-1"]
[ECO "D58"]
[WhiteElo "2126"]
[BlackElo "1991"]
[Annotator "ChessBase"]
[PlyCount "64"]
[EventDate "2020.07.10"]
[EventType "swiss"]
[EventCountry "SVK"]
[SourceTitle "playchess.com"]
[Source "ChessBase"]
[SourceQuality "1"]
[TimeControl "3600+30"]

1. d4 Nf6 2. Nf3 e6 3. Bg5 h6 4. Bh4 d5 5. e3 Be7 6. c4 b6 7. Nc3 O-O 8. cxd5 exd5 9. Rc1 Bb7 10. Bxf6 Bxf6 11. b4 c5 12. bxc5 bxc5 13. Qb3 Bc6 14. Be2 c4 15. Qc2 Nd7 16. O-O Qc7 17. Rfd1 Rfe8 18. Bf1 Nb6 19. g3 Rab8 20. Bg2 Qd7 21. Rb1 Na4 22. Nd2 Nxc3 23. Qxc3 Rb6 24. Rbc1 Ba4 25. Re1 Reb8 26. e4 Be7 27. a3 dxe4 28. Nxe4 Rc8 29. Qa5 Rb2 30. Red1 Bxd1 31. Rxd1 Rcb8 32. Nd2 Qxd4 0-1

[Event "SVK Amateur-ch 2020"]
[Site "Topolcany"]
[Date "2020.07.13"]
[Round "7.23"]
[White "Belus, Benjamin"]
[Black "Nikanova, Ekaterina"]
[Result "0-1"]
[ECO "A36"]
[WhiteElo "1909"]
[BlackElo "2116"]
[Annotator "RC"]
[PlyCount "106"]
[EventDate "2020.07.10"]
[EventType "swiss"]
[EventCountry "SVK"]
[SourceTitle "playchess.com"]
[Source "ChessBase"]
[SourceQuality "1"]
[TimeControl "3600+30"]

1. c4 c5 2. g3 Nc6 3. Bg2 g6 4. Nc3 Bg7 5. e3 e5 6. Nge2 Nge7 7. O-O d6 8. b3 O-O 9. Bb2 Rb8 10. d3 a6 11. Nd5 b5 12. Nec3 Be6 13. e4 Qd7 14. Nxe7+ Qxe7 15. Nd5 Qd7 16. Rc1 Nd4 17. f3 bxc4 18. dxc4 Bxd5 19. exd5 a5 20. Bc3 Ra8 21. h4 Rfb8 22. Rb1 Qa7 23. Kh2 Rb7 24. Qd2 Qa6 25. Qd3 Rab8 26. Bd2 Rf8 27. f4 f5 28. fxe5 dxe5 29. h5 gxh5 30. Rh1 e4 31. Qe3 Qg6 32. Qg5 Bf6 33. Qxg6+ hxg6 34. Bxa5 Ra8 35. b4 cxb4 36. Rxb4 Rxb4 37. Bxb4 Rxa2 38. Rf1 Rb2 39. Ba3 Ra2 40. Bd6 e3 41. Kh1 e2 42. Re1 Rd2 43. Bb4 Rd1 44. Kh2 Rxe1 45. Bxe1 Nc2 46. Bd2 e1=Q 47. Bxe1 Nxe1 48. c5 Nxg2 49. Kxg2 Bd4 50. c6 Be5 51. Kh3 g5 52. Kg2 Kf8 53. Kf2 Ke7 0-1

[Event "SVK Amateur-ch 2020"]
[Site "Topolcany"]
[Date "2020.07.13"]
[Round "7.31"]
[White "Skreko, Igor"]
[Black "Giertli, Vladimir"]
[Result "0-1"]
[ECO "A34"]
[WhiteElo "1787"]
[BlackElo "2023"]
[Annotator "ChessBase"]
[PlyCount "46"]
[EventDate "2020.07.10"]
[EventType "swiss"]
[EventCountry "SVK"]
[SourceTitle "playchess.com"]
[Source "ChessBase"]
[SourceQuality "1"]
[TimeControl "3600+30"]

1. c4 Nf6 2. Nc3 c5 3. g3 Nc6 4. Bg2 g6 5. Rb1 Bg7 6. a3 O-O 7. b4 cxb4 8. axb4 d6 9. d3 a5 10. bxa5 Qxa5 11. Bd2 Ng4 12. Nd5 Qc5 13. e3 Ra3 14. d4 Qxc4 15. Nb6 Qa2 16. Nxc8 Rxc8 17. h3 Nf6 18. Rxb7 e5 19. Bxc6 Rxc6 20. dxe5 Ne4 21. Nf3 Rd3 22. Qe2 Rxd2 23. Rb8+ Bf8 0-1

[Event "SVK Amateur-ch 2020"]
[Site "Topolcany"]
[Date "2020.07.13"]
[Round "7.32"]
[White "Nikel, Rastislav"]
[Black "Franko, Ondrej"]
[Result "0-1"]
[ECO "D06"]
[WhiteElo "1982"]
[BlackElo "1968"]
[Annotator "ChessBase"]
[PlyCount "74"]
[EventDate "2020.07.10"]
[EventType "swiss"]
[EventCountry "SVK"]
[SourceTitle "playchess.com"]
[Source "ChessBase"]
[SourceQuality "1"]
[TimeControl "3600+30"]

1. d4 d5 2. c4 Bf5 3. Nc3 e6 4. Nf3 c6 5. Ne5 Nd7 6. g4 Bg6 7. h4 Nxe5 8. dxe5 h5 9. Bg5 Be7 10. Bxe7 Nxe7 11. g5 d4 12. Nb1 Qa5+ 13. Nd2 Qxe5 14. Qb3 Qc7 15. Bg2 O-O 16. O-O-O Rfd8 17. Nf3 c5 18. e3 dxe3 19. fxe3 Nc6 20. a3 Na5 21. Qc3 Qb6 22. b4 cxb4 23. axb4 Nxc4 24. Rxd8+ Rxd8 25. Qxc4 Qxe3+ 26. Kb2 Qf2+ 27. Ka3 Qxg2 28. Ne5 Qxh1 29. Qc7 Qh3+ 30. Ka4 b5+ 31. Kxb5 Qf1+ 32. Ka4 Qa1+ 33. Kb3 Qd1+ 34. Ka3 Qd6 35. Qc3 a5 36. Nc6 Qd3 37. Ne7+ Kh7 0-1